 Dungeon Crawl Stone Soup version 0.23.2-40-g277498a001 (webtiles) character file.

Game seed: 13224624879722456036

293 Gildeon the Ducker (level 5, -11/41 HPs)
             Began as a Demigod Skald on Oct 13, 2019.
             Killed by divine providence
             ... invoked by an orc priest
              (14 damage)
             ... on level 4 of the Dungeon.
             The game lasted 00:08:14 (4345 turns).

Gildeon the Ducker (Demigod Skald)                  Turns: 4345, Time: 00:08:14

Health: -11/41     AC:  4    Str: 16    XL:     5   Next: 84%
Magic:  19/22      EV: 13    Int: 17    God:
Gold:   253        SH:  0    Dex: 15    Spells: 2/10 levels left

rFire    + . .     SeeInvis .   p - +0 flail
rCold    x . .     Gourm    .   (no shield)
rNeg     . . .     Faith    .   b - +0 leather armour
rPois    .         Spirit   .   (no helmet)
rElec    .         Reflect  .   m - +0 cloak
rCorr    .         Harm     .   (no gloves)
MR       .....                  (no boots)
Stlth    +.........             (no amulet)
HPRegen  0.13/turn              n - ring of magical power
MPRegen  0.18/turn              e - ring of fire

@: infused
A: high mp 1
a: no special abilities


You were on level 4 of the Dungeon.
You were not hungry.

You visited 1 branch of the dungeon, and saw 4 of its levels.

You collected 253 gold pieces.

Inventory:

Hand Weapons
 p - a +0 flail (weapon)
Armour
 b - a +0 leather armour (worn)
 m - a +0 cloak (worn)
Jewellery
 e - a ring of fire (right hand)
 n - a ring of magical power (left hand)
Scrolls
 k - 2 scrolls of enchant weapon
 r - 2 scrolls of teleportation {unknown}
 s - a scroll of blinking {unknown}
Potions
 c - a potion of agility
 g - a potion of heal wounds
 h - 2 potions of curing
 i - a potion of invisibility {unknown}
 j - a potion of flight {unknown}
 l - a potion of lignification {unknown}
 o - 2 potions of haste
Comestibles
 d - 3 rations


   Skills:
 - Level 1.7 Fighting
 + Level 3.6 Maces & Flails
 - Level 0.8 Armour
 + Level 3.6 Dodging
 + Level 3.4 Spellcasting
 - Level 2.6 Charms


You had 2 spell levels left.
You knew the following spells:

 Your Spells              Type           Power        Failure   Level  Hunger
a - Infusion              Chrm           ##..         7%          1    None
b - Song of Slaying       Chrm           ##......     11%         2    ##.....
c - Shroud of Golubria    Chrm/Tloc      #.........   19%         2    ##.....
d - Regeneration          Chrm/Necr      #.........   34%         3    ###....

Your spell library contained the following spells:

 Spells                   Type           Power        Failure   Level  Hunger
 Spectral Weapon          Hex/Chrm       #.......     34%         3    ###....


Dungeon Overview and Level Annotations

Branches:
Dungeon (4/15)
 Temple: D:4-7


Innate Abilities, Weirdness & Mutations

You have an increased reservoir of magic. (+10% MP)


Message History

You miss the orc priest.
The orc priest is severely wounded.
The orc priest hits you from afar with a +0 trident!
The orc priest casts a cantrip, but nothing happens.
You sock the orc priest!
You kill the orc priest!
The orc priest barely misses you. The orc priest closely misses you.
You closely miss the orc wizard. The orc wizard barely misses you.
The orc priest invokes the aid of Beogh against you.
Beogh smites you!
* * * LOW HITPOINT WARNING * * *
The orc wizard hits you but does no damage.
The orc priest hits you with a +0 trident!
* * * LOW HITPOINT WARNING * * *
You barely miss the orc priest.
The orc wizard hits you but does no damage.
The orc priest barely misses you.
The orc priest calls down the wrath of Beogh upon you.
Beogh smites you!
You die...

#.. #... . ##.. ..
##!..# ... #....!##
....
#......#####../..
#.............#
.##..........#..
.......@o...?.....
...####.#.####..#.
#o#.# .# #o#.#
..........##...o..
.............###..#
.............###..#
.............. ..#
............# ...


You could see 2 orc priests, an orc wizard and an orc.

Vanquished Creatures
  A scorpion (D:4)
  An orc priest (D:4)
  A hound (D:3)
  An orc wizard (D:3)
  10 adders
  An ooze (D:3)
  A worm (D:2)
  2 dart slugs
  2 leopard geckos (D:3)
  4 orcs (D:3)
  5 bats
  2 giant cockroaches
  2 gnoll zombies (D:3)
  4 goblins
  8 hobgoblins
  2 quokkas
  A frilled lizard (D:1)
  8 kobolds
  3 rats
59 creatures vanquished.

Notes
Turn   | Place    | Note
-------+----------+-------------------------------------------
     0 | D:1      | Gildeon the Demigod Skald began the quest for the Orb.
     0 | D:1      | Reached XP level 1. HP: 17/17 MP: 5/5
   332 | D:1      | Reached XP level 2. HP: 24/24 MP: 7/7
   958 | D:2      | Learned a level 2 spell: Song of Slaying
   961 | D:2      | Learned a level 2 spell: Shroud of Golubria
  1158 | D:2      | Reached XP level 3. HP: 7/29 MP: 5/9
  2107 | D:2      | Reached XP level 4. HP: 28/36 MP: 6/10
  2112 | D:2      | Learned a level 3 spell: Regeneration
  2753 | D:3      | Found a glowing silver altar of Zin.
  2989 | D:3      | Found a faded altar of an unknown god.
  3594 | D:3      | Reached XP level 5. HP: 14/41 MP: 12/12
  3602 | D:3      | Found a basalt altar of Yredelemnul.
  4345 | D:4      | Killed from afar by an orc priest

Skill      XL: |  1  2  3  4 |
---------------+-------------+-----
Maces & Flails | 2 3 |  3.6
Dodging        | 2 3 |  3.6
Spellcasting   | 2 3 |  3.4
Fighting       | |  1.7
Armour         | |  0.8
Charms         | |  2.6

Action                   |  1- 3 |  4- 6 || total
-------------------------+-------+-------++-------
Melee: Mace              |    76 |    22 ||    98
       Flail             |       |    97 ||    97
 Cast: Infusion          |     9 |     6 ||    15
  Use: Scroll            |     2 |     5 ||     7
       Potion            |       |     2 ||     2
  Eat: Chunk             |     3 |     1 ||     4
       Ration            |       |     2 ||     2
Armor: Leather armour    |    23 |    34 ||    57
Dodge: Dodged            |    54 |    62 ||   116
